[Event "fics rated crazyhouse match"]
[Site "fics, Oklahoma City, OK USA"]
[Date "2000.01.21"]
[White "Igy"]
[WhiteElo "2234"]
[Black "Lomboc"]
[BlackElo "2274"]
[TimeControl "60+0"]
[Result "1-0"]

1. e4 Nf6 2. Nc3 d5 3. exd5 Nxd5 4. Bc4 e6 5. d4 Nb6 6. Nf3 
Bd7 7. Bd3 Be7 8. P@g5 P@g4 9. Ne5 Bxg5 10. Nxg4 Bxc1 11. Rxc1 B@g6 
12. P@h6 Bxd3 13. hxg7 Rg8 14. Qxd3 B@g6 15. P@e4 P@e7 16. B@h6 Nc6 17. O-O 
Nb4 18. Qf3 Nc6 19. Rcd1 f6 20. d5 exd5 21. exd5 Ne5 22. Nxe5 fxe5 
23. P@e6 Ba4 24. Qf8# 
{Lomboc resigns} 1-0

[Event "fics rated crazyhouse match"]
[Site "fics, Oklahoma City, OK USA"]
[Date "2000.01.21"]
[White "Lomboc"]
[WhiteElo "2265"]
[Black "Igy"]
[BlackElo "2243"]
[TimeControl "60+0"]
[Result "0-1"]

1. e4 Nf6 2. Nc3 d5 3. exd5 Nxd5 4. Nxd5 Qxd5 5. d4 e5 6. Nf3 
Bg4 7. Qd2 exd4 8. Nxd4 Bc5 9. Bb5+ P@c6 10. N@f3 cxb5 11. O-O P@h3 
12. Re1+ B@e4 13. gxh3 Bxd4 14. Nxd4 Bxh3 15. P@f3 O-O 16. fxe4 Qxd4 17. Qf4 
N@e5 18. P@g2 Bxg2 19. Kxg2 P@g4 20. B@e3 P@h3+ 21. Kf1 Qxe3 22. fxe3 B@g2+ 
23. Ke2 Bf3+ 24. Kf2 Ng6 25. Qg3 N@h5 26. Qxc7 N@d3+ 27. cxd3 Nc6 
{Lomboc forfeits on time} 0-1

[Event "fics rated crazyhouse match"]
[Site "fics, Oklahoma City, OK USA"]
[Date "2000.01.21"]
[White "Igy"]
[WhiteElo "2252"]
[Black "Lomboc"]
[BlackElo "2256"]
[TimeControl "60+0"]
[Result "0-1"]

1. e4 Nf6 2. Nc3 e6 3. Nf3 d5 4. d4 Nxe4 5. Nxe4 dxe4 6. Ng5 
P@f5 7. Bb5+ Bd7 8. Bxd7+ Nxd7 9. B@b3 N@d5 10. c4 Nb4 11. O-O Be7 
12. Nxf7 Kxf7 13. d5 exd5 14. cxd5 Nf6 15. d6+ P@d5 16. N@e5+ Ke6 17. Bf4 
Bxd6 18. a3 Bxe5 19. Bxe5 Kxe5 20. axb4 P@d4 21. P@g5 Ng4 22. B@g3+ Ke6 
23. Qxd4 B@e5 24. Qxd5+ Qxd5 25. Bxd5+ Kxd5 26. Q@c5+ Ke6 27. Bxe5 N@e2+ 28. Kh1 
Nxf2+ 29. Qxf2 Kxe5 30. Qxf5+ Kd4 31. B@c5+ Kc4 32. N@e3+ Kb3 33. Ra3+ Kxb2 
{Igy forfeits on time} 0-1

[Event "fics rated crazyhouse match"]
[Site "fics, Oklahoma City, OK USA"]
[Date "2000.01.21"]
[White "Lomboc"]
[WhiteElo "2264"]
[Black "Igy"]
[BlackElo "2244"]
[TimeControl "60+0"]
[Result "1-0"]

1. e4 e6 2. d4 Nc6 3. e5 Bb4+ 4. c3 Be7 5. Bd3 d6 6. exd6 
cxd6 7. Nf3 P@f5 8. O-O Nf6 9. Nbd2 Bd7 10. Nc4 Rc8 11. P@e5 dxe5 
12. Nfxe5 Nxe5 13. dxe5 Rxc4 14. exf6 Bxf6 15. N@d6+ Ke7 16. Nxc4 Bc6 17. P@g5 
N@h3+ 18. gxh3 N@f3+ 19. Kh1 Nh4+ 20. f3 P@g2+ 21. Kg1 gxf1=Q+ 22. Kxf1 P@g2+ 
23. Kf2 Bxf3 24. gxf6+ gxf6 25. B@a3+ P@d6 26. Nxd6 P@e3+ 27. Bxe3 
{Igy forfeits on time} 1-0

[Event "fics rated crazyhouse match"]
[Site "fics, Oklahoma City, OK USA"]
[Date "2000.01.21"]
[White "Igy"]
[WhiteElo "2236"]
[Black "Lomboc"]
[BlackElo "2272"]
[TimeControl "60+0"]
[Result "1-0"]

1. e4 Nf6 2. Nc3 Nc6 3. Nf3 e5 4. Bc4 Bc5 5. O-O O-O 6. d3 
d6 7. Ng5 Bd4 8. Nd5 Nxd5 9. Bxd5 h6 10. Nxf7 Rxf7 11. P@g6 N@e6 
12. gxf7+ Kxf7 13. Bxh6 gxh6 14. P@f5 P@d7 15. Qh5+ Kf8 16. R@f7+ Kg8 17. Qg6+ 
N@g7 18. Rxg7# 
{Lomboc resigns} 1-0

[Event "fics rated crazyhouse match"]
[Site "fics, Oklahoma City, OK USA"]
[Date "2000.01.21"]
[White "Lomboc"]
[WhiteElo "2263"]
[Black "Igy"]
[BlackElo "2245"]
[TimeControl "60+0"]
[Result "0-1"]

1. e4 e6 2. Nc3 Nc6 3. d4 Nf6 4. e5 Nd5 5. Nxd5 exd5 6. Nf3 
d6 7. Bg5 Be7 8. Bxe7 Qxe7 9. N@h5 B@h6 10. B@h4 f6 11. Qe2 dxe5 
12. dxe5 N@d4 13. Qd3 P@e4 14. exf6 exd3+ 15. fxe7 Nxf3# 
{Lomboc resigns} 0-1

[Event "fics rated crazyhouse match"]
[Site "fics, Oklahoma City, OK USA"]
[Date "2000.01.21"]
[White "Igy"]
[WhiteElo "2253"]
[Black "Lomboc"]
[BlackElo "2255"]
[TimeControl "60+0"]
[Result "0-1"]

1. e4 e6 2. Nc3 Nf6 3. Nf3 d5 4. exd5 Nxd5 5. d4 Nc6 6. Bc4 
Nb6 7. Bb5 Bd7 8. O-O Be7 9. P@c5 Nc8 10. Bxc6 Bxc6 11. Ne5 B@d5 
12. f3 O-O 13. N@h5 P@g6 14. Nf4 Bf6 15. Ncxd5 exd5 16. Nxc6 bxc6 17. B@e5 
N@d7 18. Re1 N@c4 19. Nd3 Bxe5 20. dxe5 Re8 21. b3 Ncxe5 22. Nxe5 Nxe5 
23. B@f4 B@f6 24. Bxe5 Bxe5 25. B@f4 Bd4+ 26. Kh1 Rxe1+ 27. Qxe1 N@f2+ 28. Qxf2 
Bxf2 29. R@f1 R@g1+ 30. Rxg1 Bxg1 31. R@f1 Bd4 32. N@h3 Bxa1 33. N@d3 P@e2 
34. Re1 R@d1 35. N@f2 Rxe1+ 36. Nxe1 R@f1+ 37. R@g1 Rxg1+ 38. Nxg1 R@f1 
{Igy forfeits on time} 0-1

[Event "fics rated crazyhouse match"]
[Site "fics, Oklahoma City, OK USA"]
[Date "2000.01.21"]
[White "Lomboc"]
[WhiteElo "2263"]
[Black "Igy"]
[BlackElo "2245"]
[TimeControl "60+0"]
[Result "0-1"]

1. e4 e6 2. d4 Nc6 3. e5 Nf6 4. Nf3 Ne4 5. Bd3 d5 6. exd6 
Nxd6 7. O-O P@e4 8. Ng5 exd3 9. Qxd3 B@f5 10. P@e4 Nxe4 11. Nxe4 P@d5 
12. P@f3 dxe4 13. fxe4 Bg6 14. Be3 N@b4 15. Qe2 Bxe4 16. c3 Nc2 17. f3 
P@d3 18. Qf2 Bg6 19. Na3 Bxa3 20. bxa3 Nxa1 21. Rxa1 R@e2 22. Qg3 Rxe3 
23. B@f4 N@e2+ 24. Kf2 Nxg3 25. Kxg3 Re2 26. h4 Q@f2+ 27. Kg4 Qxg2+ 28. P@g3 
h5# 
{Lomboc checkmated} 0-1

[Event "fics rated crazyhouse match"]
[Site "fics, Oklahoma City, OK USA"]
[Date "2000.01.21"]
[White "Igy"]
[WhiteElo "2253"]
[Black "Lomboc"]
[BlackElo "2255"]
[TimeControl "60+0"]
[Result "1-0"]

1. e4 e6 2. Nf3 Nf6 3. Nc3 d5 4. exd5 Nxd5 5. d4 Bb4 6. Bd2 
Bxc3 7. bxc3 N@e4 8. Bd3 Nexc3 9. Qc1 P@e4 10. Ne5 exd3 11. cxd3 Nb5 
12. P@c3 P@f6 13. Nf3 B@a3 14. P@b2 Bd6 15. O-O Ne7 16. c4 Nxd4 17. Nxd4 
Bxh2+ 18. Kxh2 Qxd4 19. B@c3 Qd6+ 20. B@g3 e5 21. N@e4 Qd7 22. Kg1 P@d4 
23. Bb4 Nbc6 24. Bxe7 Qxe7 25. N@d5 Qe6 26. Nxc7+ Kf8 27. Nxe6+ fxe6 28. P@d6 
Bd7 29. Nc5 B@e8 30. Nxb7 N@f5 31. P@h6 gxh6 32. Bxh6+ Nxh6 33. Qxh6+ P@g7 
34. P@e7+ Kf7 35. Qh5+ B@g6 36. Qe2 Rb8 37. Nc5 Rxb2 38. Qxb2 f5 39. N@g5+ 
Kf6 40. Nce4# 
{Lomboc forfeits on time} 1-0

[Event "fics rated crazyhouse match"]
[Site "fics, Oklahoma City, OK USA"]
[Date "2000.01.21"]
[White "Lomboc"]
[WhiteElo "2247"]
[Black "Igy"]
[BlackElo "2261"]
[TimeControl "60+0"]
[Result "1-0"]

1. e4 e6 2. Nc3 Nc6 3. d4 Nf6 4. Nf3 Bb4 5. e5 Ne4 6. Bd2 
Bxc3 7. bxc3 d5 8. exd6 Nxd6 9. Be2 P@e4 10. Ne5 Nxe5 11. dxe5 Nf5 
12. Rg1 N@g6 13. B@f4 Bd7 14. P@d6 cxd6 15. exd6 O-O 16. P@e7 Nfxe7 17. dxe7 
Qxe7 18. N@c7 Rad8 19. N@d5 exd5 20. Nxd5 Qc5 21. P@e7 Nxe7 22. Nxe7+ Qxe7 
23. Bde3 Bc6 24. N@f5 Rxd1+ 25. Rxd1 Qf6 26. Nxg7 Qxc3+ 27. Bd2 Qxg7 28. P@h6 
Qf6 29. Bg5 Qe6 30. Bc3 P@e5 31. R@g7+ Kh8 32. Bh5 P@f6 33. Rxf7 Rxf7 
34. Bxf7 Qxf7 35. P@g7+ Qxg7 36. hxg7+ Kxg7 37. Q@h6+ Kf7 38. R@g7+ Ke8 39. Rg8+ 
Ke7 40. Qg7+ Ke6 41. Qxf6# 
{Igy checkmated} 1-0

[Event "fics rated crazyhouse match"]
[Site "fics, Oklahoma City, OK USA"]
[Date "2000.01.21"]
[White "Igy"]
[WhiteElo "2253"]
[Black "Lomboc"]
[BlackElo "2255"]
[TimeControl "60+0"]
[Result "0-1"]

1. e4 d6 2. Nc3 e5 3. Nf3 Nc6 4. Bc4 Nf6 5. d3 Be7 6. Bg5 
O-O 7. Bxf6 Bxf6 8. Nd5 B@e7 9. N@h5 Bg4 10. Ng3 Nd4 11. c3 Nxf3+ 
12. gxf3 N@g2+ 13. Kd2 Nf4 14. Rg1 Nxd5 15. exd5 Bg5+ 16. N@e3 Bd7 17. Ne4 
Bh6 18. N@h5 N@g6 19. Qf1 c6 20. dxc6 bxc6 21. P@f5 Bxf5 22. Qg2 d5 
23. Ng5 dxc4 24. Nxc4 Qxd3+ 25. Ke1 Qxc4 26. P@e2 Bexg5 27. Rd1 P@d3 28. e4 
N@c2+ 29. Kf1 P@e2# 
{Igy checkmated} 0-1

[Event "fics rated crazyhouse match"]
[Site "fics, Oklahoma City, OK USA"]
[Date "2000.01.21"]
[White "Lomboc"]
[WhiteElo "2263"]
[Black "Igy"]
[BlackElo "2245"]
[TimeControl "60+0"]
[Result "0-1"]

1. e4 e6 2. Nc3 Nc6 3. d4 Nf6 4. d5 exd5 5. exd5 Bb4 6. dxc6 
Qe7+ 7. Qe2 dxc6 8. Qxe7+ Bxe7 9. Nf3 P@d4 10. Ne2 c5 11. P@h6 gxh6 
12. N@g7+ Kd8 13. Bxh6 Nd5 14. Ne5 Rf8 15. Nh5 P@e3 16. fxe3 P@f2+ 17. Kd1 
Q@e1# 
{Lomboc checkmated} 0-1

[Event "fics rated crazyhouse match"]
[Site "fics, Oklahoma City, OK USA"]
[Date "2000.01.21"]
[White "Igy"]
[WhiteElo "2253"]
[Black "Lomboc"]
[BlackElo "2255"]
[TimeControl "60+0"]
[Result "1-0"]

1. e4 e6 2. Nf3 Nf6 3. Nc3 d5 4. d3 dxe4 5. dxe4 Qxd1+ 6. Kxd1 
Ng4 7. Ke1 Bb4 8. Bg5 P@f6 9. Bf4 e5 10. Bd2 O-O 11. P@f5 Bxc3 
12. bxc3 Q@b2 13. Rc1 Qxa2 14. B@b3 Qa3 15. h3 Nxf2 16. Kxf2 P@f4 17. Bfc4 
Qc5+ 18. Ke2 N@g3+ 19. Kd1 Nxh1 20. Bxf7+ Kh8 21. Bg6 Nf2+ 22. Ke2 hxg6 
23. fxg6 R@h6 24. Q@g8+ Rxg8 25. N@f7# 
{Lomboc checkmated} 1-0

[Event "fics rated crazyhouse match"]
[Site "fics, Oklahoma City, OK USA"]
[Date "2000.01.21"]
[White "Lomboc"]
[WhiteElo "2247"]
[Black "Igy"]
[BlackElo "2261"]
[TimeControl "60+0"]
[Result "0-1"]

1. d3 e6 2. e4 Nc6 3. Nc3 Bb4 4. Nf3 d5 5. Bd2 d4 6. Ne2 
Bxd2+ 7. Qxd2 B@b6 8. Ng3 Nf6 9. Be2 Ng4 10. O-O Nxf2 11. Rxf2 P@e3 
12. Qe1 exf2+ 13. Qxf2 e5 14. B@g5 f6 15. Bc1 O-O 16. Nf5 Bxf5 17. exf5 
N@g4 18. Qg3 e4 19. dxe4 d3+ 20. P@e3 dxe2 21. B@c4+ B@f7 22. Bxe2 R@d1+ 
23. N@f1 Nxe3 24. Bxe3 Bxe3+ 25. P@f2 Rxa1 26. fxe3 B@e5 27. B@f4 Bxb2 28. N@h6+ 
Kh8 29. Nxf7+ Rxf7 30. P@g6 Rd7 31. gxh7 N@h5 32. Qg4 R@g5 33. Nxg5 Nxf4 
34. Qh5 Nxe2# 
{Lomboc resigns} 0-1

[Event "fics rated crazyhouse match"]
[Site "fics, Oklahoma City, OK USA"]
[Date "2000.01.21"]
[White "Igy"]
[WhiteElo "2269"]
[Black "Lomboc"]
[BlackElo "2239"]
[TimeControl "60+0"]
[Result "1-0"]

1. e4 e6 2. Nc3 d5 3. Nf3 dxe4 4. Nxe4 Nd7 5. d4 Ngf6 6. Bg5 
Be7 7. Bxf6 Nxf6 8. Nxf6+ Bxf6 9. P@e5 Be7 10. N@e4 B@g6 11. Bd3 O-O 
12. h4 h5 13. N@f4 N@g4 14. Nfg5 P@e3 15. Nxg6 fxg6 16. fxe3 Nf2 17. Nxf2 
Rxf2 18. P@h7+ Kh8 19. Kxf2 Bxg5 20. N@f7+ Kxh7 21. Nxg5+ Qxg5 22. hxg5 N@f5 
23. B@f6 P@g3+ 24. Ke2 gxf6 25. Bxf5 exf5 26. Q@h6+ Kg8 27. R@f8# 
{Lomboc checkmated} 1-0

[Event "fics rated crazyhouse match"]
[Site "fics, Oklahoma City, OK USA"]
[Date "2000.01.21"]
[White "Lomboc"]
[WhiteElo "2232"]
[Black "Igy"]
[BlackElo "2276"]
[TimeControl "60+0"]
[Result "0-1"]

1. d4 e6 2. Nc3 Nc6 3. e3 Nf6 4. Nf3 Bb4 5. Bb5 d6 6. O-O 
Bd7 7. Ne2 a6 8. Bd3 Ba5 9. Ng3 d5 10. e4 dxe4 11. Bxe4 Nxe4 
12. Nxe4 B@d5 13. Neg5 P@f6 14. P@e4 Bc4 15. Re1 Bxe1 16. Qxe1 R@e2 17. Qd1 
fxg5 18. Bxg5 f6 19. P@d3 Rxf2 20. Kxf2 fxg5 21. dxc4 P@f4 22. B@h5+ g6 
23. Bxg6+ hxg6 24. P@f7+ Kxf7 25. N@e5+ Nxe5 26. Nxe5+ Kg8 27. B@f7+ Kg7 28. Bxg6 
B@e3+ 29. Ke2 B@g8 30. P@f7 Bh7 31. Bxh7 Rxh7 32. R@g6+ Kh8 33. Rg8+ Qxg8 
{Lomboc forfeits on time} 0-1

[Event "fics rated crazyhouse match"]
[Site "fics, Oklahoma City, OK USA"]
[Date "2000.01.21"]
[White "Igy"]
[WhiteElo "2283"]
[Black "Lomboc"]
[BlackElo "2225"]
[TimeControl "60+0"]
[Result "1-0"]

1. e4 e5 2. Nc3 Nc6 3. Nf3 Nf6 4. Bc4 Bc5 5. d3 O-O 6. O-O 
h6 7. Nh4 Nxe4 8. Nxe4 Qxh4 9. N@f5 Qd8 10. Nxc5 P@g6 11. Nxh6+ gxh6 
12. Bxh6 N@f5 13. P@g5 Nxh6 14. B@f6 B@e7 15. P@g7 Bxf6 16. gxf8=Q+ Qxf8 17. gxf6 
P@g7 18. fxg7 Qxg7 19. P@g5 Nf5 20. B@f6 Qh7 21. R@h8+ Qxh8 22. Bxh8 Kxh8 
23. Bxf7 R@g7 24. Be8 B@d5 25. P@f6 Rg8 26. Bxd7 Bxd7 27. Nxd7 Bxg2 28. P@g7+ 
Nxg7 29. Q@h6+ N@h7 30. fxg7+ Rxg7 31. B@f6 Rg8 32. Bxg7+ Rxg7 33. R@e8# 
{Lomboc forfeits on time} 1-0

[Event "fics rated crazyhouse match"]
[Site "fics, Oklahoma City, OK USA"]
[Date "2000.01.21"]
[White "Lomboc"]
[WhiteElo "2218"]
[Black "Igy"]
[BlackElo "2290"]
[TimeControl "60+0"]
[Result "1-0"]

1. d4 Nf6 2. Nc3 e6 3. Nf3 Bb4 4. e4 Nxe4 5. Bd2 Bxc3 6. bxc3 
d5 7. Bd3 Nc6 8. Bxe4 dxe4 9. Ng5 B@g6 10. B@h5 P@f6 11. Bxg6 fxg5 
12. Bxf7+ Kxf7 13. B@h5+ g6 14. N@h6+ Kg7 15. Ng4 gxh5 16. P@f6+ Kf7 17. Bxg5 
hxg4 18. Qxg4 B@g6 19. P@h5 Bf5 20. Qh4 Rg8 21. h6 N@g6 22. Qg3 B@d6 
23. P@e5 Ba3 24. O-O Bb2 25. Qe3 N@c4 26. Qe2 N6a5 27. Rab1 Bxc3 28. Be3 
P@d3 29. cxd3 exd3 30. Qf3 P@c2 31. Rb5 Nh4 32. Qf4 Rxg2+ 33. Kh1 N@g6 
34. Rxa5 Bxa5 35. N@g5+ Rxg5 36. Qxg5 P@g2+ 37. Qxg2 Nxg2 38. R@g7+ Kf8 39. P@e7+ 
Nxe7 40. fxe7+ Qxe7 41. Rxe7 Q@e8 42. Q@g7# 
{Igy checkmated} 1-0

[Event "fics rated crazyhouse match"]
[Site "fics, Oklahoma City, OK USA"]
[Date "2000.01.21"]
[White "Igy"]
[WhiteElo "2280"]
[Black "Lomboc"]
[BlackElo "2228"]
[TimeControl "60+0"]
[Result "1-0"]

1. e4 e6 2. Nc3 d5 3. Nf3 dxe4 4. Bb5+ Nc6 5. Nxe4 Bd7 6. d4 
a6 7. Bxc6 Bxc6 8. Neg5 P@f6 9. Nxf7 Kxf7 10. P@e5 Be7 11. P@h5 Bxf3 
12. Qxf3 N@f5 13. exf6 Bxf6 14. P@g6+ hxg6 15. hxg6+ Ke7 16. P@e5 Bh4 17. N@f7 
Nxd4 18. Qa3+ Kd7 19. O-O Ne2+ 20. Kh1 P@h3 21. Nxd8 hxg2+ 22. Kxg2 N@f4+ 
23. Kf3 B@g2+ 24. Ke3 Bxf1 25. Nxb7 Ng2+ 26. Kd2 Bg5+ 27. P@e3 Nxc1 28. P@c6+ 
Kxc6 29. Qc5# 
{Lomboc forfeits on time} 1-0

[Event "fics rated crazyhouse match"]
[Site "fics, Oklahoma City, OK USA"]
[Date "2001.01.21"]
[White "fermy"]
[WhiteElo "2300"]
[Black "venomous"]
[BlackElo "2440"]
[TimeControl "180+0"]
[Result "1-0"]

1. e4 Nf6 2. Nc3 d5 3. exd5 Nxd5 4. d4 Nc6 5. Nf3 e6 6. Bd3 
Bd7 7. O-O Nxc3 8. bxc3 N@d5 9. Bd2 P@b4 10. cxb4 Ncxb4 11. Be4 P@f5 
12. Bxd5 Nxd5 13. c4 Nf6 14. Ne5 B@b2 15. Nxf7 Kxf7 16. N@e5+ Ke7 17. Bb4+ 
N@d6 18. Rb1 Bxd4 19. Qxd4 P@f7 20. c5 Ke8 21. cxd6 cxd6 22. Bxd6 Bxd6 
23. Qxd6 B@c7 24. Nxf7 Kxf7 25. N@e5# 
{venomous resigns} 1-0

[Event "fics rated crazyhouse match"]
[Site "fics, Oklahoma City, OK USA"]
[Date "2001.01.21"]
[White "venomous"]
[WhiteElo "2429"]
[Black "fermy"]
[BlackElo "2313"]
[TimeControl "180+0"]
[Result "1-0"]

1. e4 e5 2. Nf3 Nc6 3. Be2 Bc5 4. O-O Nf6 5. Nc3 d6 6. d3 
Bg4 7. Bg5 Bxf3 8. Bxf3 Nd4 9. Nd5 Nxf3+ 10. Qxf3 N@d4 11. Nxf6+ gxf6 
12. N@g7+ Kd7 13. Qh3+ B@e6 14. Nxe6 fxe6 15. N@f7 Qe7 16. Nxh8 Rxh8 17. Bxf6 
Qxf6 18. R@h6 N@f4 19. Rxf6 Nxh3+ 20. Kh1 Q@g7 21. Q@f7+ Qxf7 22. Rxf7+ B@e7 
23. B@h4 N@g5 24. Rxe7+ Kxe7 25. Q@g7+ N@f7 26. Bxg5+ Nxg5 27. B@f6+ Kd7 28. Bxg5 
Q@e8 29. N@f6# 
{fermy resigns} 1-0

[Event "fics rated crazyhouse match"]
[Site "fics, Oklahoma City, OK USA"]
[Date "2001.01.21"]
[White "fermy"]
[WhiteElo "2307"]
[Black "venomous"]
[BlackElo "2434"]
[TimeControl "180+0"]
[Result "0-1"]

1. e4 e6 2. Nc3 Nc6 3. d4 Nf6 4. e5 Nd5 5. Nxd5 exd5 6. Nf3 
d6 7. Bb5 Bg4 8. N@e3 Bxf3 9. Qxf3 dxe5 10. dxe5 N@d4 11. Bxc6+ bxc6 
12. Qg4 Nxc2+ 13. Nxc2 B@d7 14. P@f5 h5 15. Qf3 P@g4 16. Qc3 N@e4 17. e6 
fxe6 18. fxe6 Bxe6 19. B@g6+ P@f7 20. Bxe4 dxe4 21. Qxc6+ P@d7 22. Qa4 P@f3 
23. gxf3 exf3 24. Be3 P@g2 25. Rg1 Bd6 26. O-O-O Bxh2 27. P@h6 B@f6 28. hxg7 
Bxg7 29. P@h6 Rxh6 30. Bxh6 Bxh6+ 31. P@e3 Bxg1 32. R@h8+ B@f8 33. N@h7 Qe7 
34. Rxf8+ Bxf8 35. N@f6+ Kd8 36. Nxd7 R@d6 37. Rxd6 Qxd6 
{fermy forfeits on time} 0-1

[Event "fics rated crazyhouse match"]
[Site "fics, Oklahoma City, OK USA"]
[Date "2001.01.21"]
[White "venomous"]
[WhiteElo "2439"]
[Black "fermy"]
[BlackElo "2301"]
[TimeControl "180+0"]
[Result "1-0"]

1. e4 e5 2. Nf3 Nc6 3. Be2 Bc5 4. Nc3 Nf6 5. O-O d6 6. d3 
Nd4 7. Bg5 Nxe2+ 8. Qxe2 c6 9. N@h5 Rg8 10. Na4 B@g4 11. Bxf6 gxf6 
12. N@g7+ Kf8 13. Nxc5 dxc5 14. B@h6 Ke7 15. Qe3 B@d4 16. Nxd4 cxd4 17. B@c5+ 
Kd7 18. Bxd4 exd4 19. Qxd4+ B@d6 20. Nxf6+ Kc7 21. Nfe8+ Rxe8 22. Nxe8+ Qxe8 
23. P@c5 N@e2+ 24. Kh1 Nxd4 25. cxd6+ Kxd6 26. e5+ Kxe5 27. B@f4+ Ke6 28. R@d6+ 
Ke7 29. P@f6# 
{fermy checkmated} 1-0

[Event "fics rated crazyhouse match"]
[Site "fics, Oklahoma City, OK USA"]
[Date "2001.01.21"]
[White "fermy"]
[WhiteElo "2295"]
[Black "venomous"]
[BlackElo "2444"]
[TimeControl "180+0"]
[Result "1-0"]

1. e4 e6 2. d4 Nc6 3. Nc3 Nf6 4. e5 Nd5 5. Nxd5 exd5 6. Nf3 
d6 7. Bb5 Bg4 8. N@e3 Bxf3 9. Qxf3 dxe5 10. dxe5 P@e4 11. Qg4 h5 
12. Qh3 N@d4 13. Bxc6+ Nxc6 14. e6 fxe6 15. Qxe6+ Qe7 16. P@d7+ Kd8 17. N@f7+ 
Qxf7 18. Qxf7 B@b4+ 19. B@c3 Bxc3+ 20. bxc3 
{venomous resigns} 1-0

[Event "fics rated crazyhouse match"]
[Site "fics, Oklahoma City, OK USA"]
[Date "2001.01.21"]
[White "venomous"]
[WhiteElo "2433"]
[Black "fermy"]
[BlackElo "2307"]
[TimeControl "180+0"]
[Result "1-0"]

1. e4 e5 2. Nf3 Nc6 3. Be2 Bc5 4. O-O Nf6 5. Nc3 d6 6. d3 
Nd4 7. Bg5 Nxe2+ 8. Qxe2 c6 9. h3 B@f4 10. Bxf4 exf4 11. B@g5 Bxf2+ 
12. Rxf2 B@e3 13. Qxe3 fxe3 14. Bxe3 P@g3 15. Re2 Bxh3 16. gxh3 P@f2+ 17. Kh1 
d5 18. exd5 cxd5 19. Bxf2+ P@e4 20. Bxg3 O-O 21. dxe4 dxe4 22. Nxe4 Nxe4 
23. Rxe4 Qd5 24. N@e7+ Kh8 25. Nxd5 N@f5 26. B@h2 
{fermy forfeits on time} 1-0

[Event "fics rated crazyhouse match"]
[Site "fics, Oklahoma City, OK USA"]
[Date "2001.01.21"]
[White "LINDEGREN"]
[WhiteElo "2309"]
[Black "Thufir"]
[BlackElo "2324"]
[TimeControl "60+0"]
[Result "1-0"]

1. e4 e6 2. Nc3 Nc6 3. d4 Nf6 4. e5 Nd5 5. Nxd5 exd5 6. Nf3 
d6 7. Bb5 Bg4 8. h3 Bxf3 9. Qxf3 dxe5 10. dxe5 N@d4 11. Bxc6+ bxc6 
12. Qd1 N@b4 13. B@d3 Nxd3+ 14. cxd3 B@e2 15. Qd2 B@c5 16. P@h6 P@f3 17. hxg7 
Bxg7 18. N@h5 Bxe5 19. Qe3 P@d6 20. N@f6+ Ke7 21. Qxd4 Bcxd4 22. N@f5+ Ke6 
23. N@g7# 
{Thufir checkmated} 1-0

[Event "fics rated crazyhouse match"]
[Site "fics, Oklahoma City, OK USA"]
[Date "2001.01.21"]
[White "Thufir"]
[WhiteElo "2316"]
[Black "LINDEGREN"]
[BlackElo "2317"]
[TimeControl "60+0"]
[Result "1-0"]

1. e4 Nf6 2. Nc3 Nc6 3. d4 d5 4. exd5 Nxd5 5. Nf3 e6 6. Bd3 
Bb4 7. Bd2 P@a3 8. Nxd5 Bxd2+ 9. Qxd2 axb2 10. Rd1 exd5 11. Qe3+ P@e6 
12. N@h5 B@f8 13. B@h4 Qd7 14. P@h6 Rg8 15. Bxh7 N@c4 16. Qe2 Bb4+ 17. Kf1 
Rh8 18. hxg7 
{LINDEGREN resigns} 1-0

[Event "fics rated crazyhouse match"]
[Site "fics, Oklahoma City, OK USA"]
[Date "2001.01.21"]
[White "LINDEGREN"]
[WhiteElo "2309"]
[Black "Thufir"]
[BlackElo "2324"]
[TimeControl "60+0"]
[Result "1-0"]

1. e4 e6 2. Nc3 Nc6 3. d4 Nf6 4. e5 Nd5 5. Nxd5 exd5 6. Nf3 
d6 7. Bb5 Bg4 8. h3 Bxf3 9. Qxf3 dxe5 10. N@g5 Qe7 11. Qxf7+ Qxf7 
12. Nxf7 Kxf7 13. P@e6+ Kxe6 14. Bxc6 Bb4+ 15. B@c3 Bxc3+ 16. bxc3 bxc6 17. N@c5+ 
Kf7 18. Q@e6+ Kf8 19. Nd7# 
{Thufir checkmated} 1-0

[Event "fics rated crazyhouse match"]
[Site "fics, Oklahoma City, OK USA"]
[Date "2001.01.21"]
[White "venomous"]
[WhiteElo "2438"]
[Black "LINDEGREN"]
[BlackElo "2317"]
[TimeControl "60+0"]
[Result "0-1"]

1. e4 Nf6 2. Nc3 Nc6 3. Nf3 d5 4. exd5 Nxd5 5. Bc4 e6 6. d4 
Bb4 7. Bd2 Qe7 8. O-O Bxc3 9. bxc3 Nb6 10. Bb5 Bd7 11. Re1 a6 
12. B@c5 P@d6 13. Bxb6 axb5 14. Bxc7 B@g4 15. N@d5 exd5 16. Rxe7+ Nxe7 17. Bxd6 
Nf5 18. Qe2+ N@e4 19. P@e7 Nfxd6 20. P@e5 Nf5 21. P@d6 B@b6 22. Q@f4 Bxf3 
23. Qfxf3 N@h4 24. Qexe4 dxe4 25. Qxf5 Bxf5 26. N@f6+ gxf6 27. N@g7+ Kd7 28. Nxf5 
N@h3# 
{venomous resigns} 0-1

[Event "fics rated crazyhouse match"]
[Site "fics, Oklahoma City, OK USA"]
[Date "2001.01.21"]
[White "LINDEGREN"]
[WhiteElo "2328"]
[Black "venomous"]
[BlackElo "2427"]
[TimeControl "60+0"]
[Result "0-1"]

1. e4 Nf6 2. e5 Nd5 3. d4 e6 4. Nf3 d6 5. Bd3 Nc6 6. O-O 
dxe5 7. Nxe5 Nxe5 8. dxe5 Bd7 9. c4 Nb4 10. P@h6 Nxd3 11. Qxd3 Bc6 
12. N@d6+ cxd6 13. hxg7 Bxg7 14. exd6 N@e5 15. N@c7+ Qxc7 16. dxc7 Nxd3 17. P@d7+ 
Kxd7 18. P@d5 N@e2# 
{LINDEGREN resigns} 0-1

[Event "fics rated crazyhouse match"]
[Site "fics, Oklahoma City, OK USA"]
[Date "2001.01.21"]
[White "LINDEGREN"]
[WhiteElo "2322"]
[Black "venomous"]
[BlackElo "2433"]
[TimeControl "60+0"]
[Result "0-1"]

1. e4 e6 2. e5 b6 3. d4 Bb7 4. Nf3 d6 5. Be2 Nd7 6. exd6 
cxd6 7. O-O Be7 8. Nc3 Ngf6 9. P@e5 dxe5 10. dxe5 Ng4 11. P@d6 Bf8 
12. Bg5 P@f6 13. exf6 gxf6 14. P@e7 Bxe7 15. dxe7 Qxe7 16. B@h3 fxg5 17. Bxg4 
B@c7 18. N@g7+ Kf8 19. Nh5 P@g7 20. Bb5 P@c6 21. Bd3 P@g6 22. Nxg7 Kxg7 
23. h4 gxh4 24. P@g5 h6 25. gxh6+ Kxh6 26. P@g5+ Kh7 27. Ne4 P@g7 28. Bc4 
P@d5 29. Bxd5 cxd5 30. P@f6 gxf6 31. Nxf6+ Nxf6 32. gxf6 Qxf6 33. N@g5+ Kg7 
34. P@e5 Bxe5 35. Nxe5 Qxe5 36. B@d4 B@h2+ 37. Kh1 P@f6 38. Bxe5 Bxe5 39. Bxe6 
fxg5 40. Bxf7 h3 41. g3 P@g2+ 42. Kh2 gxf1=N+ 43. Qxf1 N@g4+ 44. Kh1 P@g2+ 
45. Qxg2 hxg2+ 46. Kxg2 B@e4+ 47. f3 Q@f2# 
{LINDEGREN checkmated} 0-1

[Event "fics rated crazyhouse match"]
[Site "fics, Oklahoma City, OK USA"]
[Date "2001.01.21"]
[White "venomous"]
[WhiteElo "2439"]
[Black "LINDEGREN"]
[BlackElo "2316"]
[TimeControl "60+0"]
[Result "0-1"]

1. e4 Nf6 2. Nc3 Nc6 3. Nf3 d5 4. exd5 Nxd5 5. Bc4 Nxc3 6. bxc3 
P@d5 7. Bb5 Bd7 8. d4 e6 9. O-O Bd6 10. Rb1 Rg8 11. P@e5 N@e4 
12. exd6 cxd6 13. Bd2 Nxd2 14. Qxd2 B@e4 15. Ng5 Bxg2 16. Kxg2 h6 17. B@h7 
Qxg5+ 18. Qxg5 hxg5 19. Q@g4 N@f4+ 20. Kg1 P@g2 21. Qxg2 Nxg2 22. Bxg8 Nf4 
23. Bxf7+ Kd8 24. R@h8+ Kc7 25. B@f3 Rxh8 26. Bxc6 Bxc6 27. P@c5 P@g2 28. Bxg2 
Ne2+ 29. Kh1 B@f4 30. P@b6+ Kc8 31. Bxe6+ Kd8 32. P@c7+ Ke7 33. c8=N+ Rxc8 
34. N@f5+ Kf6 35. N@g4+ Kxe6 36. Nxg7+ Kf7 37. P@e6+ Kxg7 38. P@f6+ Kg6 39. bxa7 
Rh8 40. P@f5+ Kxf5 41. N@h6+ Kg6 42. f7 N@g3+ 43. fxg3 Nxg3# 
{venomous forfeits on time} 0-1

[Event "fics rated crazyhouse match"]
[Site "fics, Oklahoma City, OK USA"]
[Date "2001.01.21"]
[White "LINDEGREN"]
[WhiteElo "2327"]
[Black "venomous"]
[BlackElo "2428"]
[TimeControl "60+0"]
[Result "0-1"]

1. e4 Nf6 2. Nc3 d5 3. exd5 Nxd5 4. d4 Nc6 5. Nf3 e6 6. Bb5 
Bd7 7. Qe2 Nxc3 8. bxc3 N@d5 9. Bd2 P@g4 10. Ng5 Nxc3 11. Bxc3 Qxg5 
12. N@e4 Qf5 13. P@h6 P@f3 14. gxf3 gxf3 15. Qd3 N@g2+ 16. Kd2 P@d5 17. hxg7 
dxe4 18. gxh8=Q exd3 19. N@g7+ Kd8 20. Bxd3 Qxd3+ 21. cxd3 Q@e2+ 22. Kc1 B@a3+ 
23. P@b2 Qxd3 24. Q@f6+ P@e7 25. Qxf8+ N@e8 26. Nxe8 Qxc3+ 27. R@c2 Bxb2# 
{LINDEGREN forfeits on time} 0-1